 Dungeon Crawl Stone Soup version 0.23.1-38-g628c18f423 (webtiles) character file.

Game seed: 7562362326207699996

270 Banto the Bolt Thrower (level 5, 0/40 HPs)
             Began as a Demigod Wanderer on Mar 29, 2019.
             Slain by a bullfrog (4 damage)
             ... on level 6 of the Dungeon.
             The game lasted 00:02:23 (1679 turns).

Banto the Bolt Thrower (Demigod Wanderer)           Turns: 1679, Time: 00:02:24

Health: 0/40       AC:  8    Str: 15    XL:     5   Next: 70%
Magic:  7/7        EV: 10    Int: 15    God:
Gold:   153        SH:  0    Dex: 18    Spells: 3/4 levels left

rFire    . . .     SeeInvis .   a - +3 spear (pierce)
rCold    + . .     Gourm    .   (no shield)
rNeg     . . .     Faith    .   d - +0 ring mail
rPois    .         Spirit   .   (no helmet)
rElec    .         Reflect  .   (no cloak)
rCorr    .         Harm     .   h - +0 pair of gloves
MR       .....                  q - +1 pair of boots
Stlth    +.........             (no amulet)
HPRegen  0.13/turn              i - ring of protection from cold
MPRegen  0.10/turn              (no ring)

@: no status effects
A: high mp 1
a: no special abilities


You were on level 6 of the Dungeon.
You were hungry.

You visited 1 branch of the dungeon, and saw 4 of its levels.

You collected 153 gold pieces.

Inventory:

Hand Weapons
 a - a +3 spear of piercing (weapon)
 b - a +0 hand crossbow
Missiles
 c - 17 bolts
Armour
 d - a +0 ring mail (worn)
 h - a +0 pair of gloves (worn)
 l - a +0 buckler
 q - a +1 pair of boots (worn)
Jewellery
 i - a ring of protection from cold (left hand)
Scrolls
 e - 3 scrolls of identify {unknown}
 j - 3 scrolls of blinking {unknown}
 k - a scroll of fog {unknown}
 m - a scroll of noise {unknown}
 n - a scroll of immolation {unknown}
 o - a scroll of random uselessness {unknown}
 w - a scroll of fear {unknown}
Potions
 g - 2 potions of curing {unknown}
 r - a potion of brilliance {unknown}
 s - a potion of mutation {unknown}
 t - a potion of invisibility {unknown}
 u - a potion of might {unknown}
 v - a potion of resistance {unknown}
Comestibles
 f - 6 rations
 p - 8 chunks of flesh


   Skills:
 - Level 1.0 Fighting
 + Level 3.7 Crossbows
 - Level 2.4 Armour
 + Level 3.2 Shields
 + Level 2.5 Unarmed Combat
 - Level 2.6 Ice Magic


You had 3 spell levels left.
You knew the following spells:

 Your Spells              Type           Power        Failure   Level  Hunger
a - Freeze                Ice            #...         17%         1    ##.....

Your spell library contained the following spells:

 Spells                   Type           Power        Failure   Level  Hunger
 Throw Frost              Conj/Ice       #.....       41%         2    ###....
 Ozocubu's Armour         Chrm/Ice       #.......     65%         3    ####...
 Summon Ice Beast         Ice/Summ       #.......     96%         4    #####..
 Throw Icicle             Conj/Ice       #.......     96%         4    #####..


Dungeon Overview and Level Annotations

Branches:
Dungeon (3/15)


Innate Abilities, Weirdness & Mutations

You have an increased reservoir of magic. (+10% MP)


Message History

Press: ? - help, Dir - move target cursor, f/p - bullfrog
Aim: a bullfrog (heavily wounded)
The hound is in the way.
You hit the hound.
You kill the hound!
The bullfrog hits you but does no damage.
Attack whom?
Press: ? - help, Dir - move target cursor, f/p - bullfrog
Aim: a bullfrog (heavily wounded)
You barely miss the bullfrog.
The bullfrog is heavily wounded.
The bullfrog hits you.
* * * LOW HITPOINT WARNING * * *
Attack whom?
Press: ? - help, Dir - move target cursor, f/p - bullfrog
Aim: a bullfrog (heavily wounded)
You completely miss the bullfrog.
The bullfrog is heavily wounded.
A centaur comes into view.
The bullfrog hits you.
You die...

# #....#.#### #.
#..###..... ..
##..#......
#.#c.$...##
#......o..#
....##O>#.......
....#
#lo##...... ....
#F###$..... ...
#@.....#... ..
#......# ..
#........ .
.........
.........
..........
..........
...........


You could see an ogre, a bullfrog, a centaur (wandering), an iguana and an orc.

Vanquished Creatures
  Sigmund (D:6)
  A hound (D:6)
  An adder (D:2)
  2 oozes
  A worm (D:3)
  2 leopard geckos
  6 bats
  5 giant cockroaches
  3 goblins
  4 hobgoblins (D:1)
  3 jackals (D:2)
  2 quokkas (D:3)
  2 ball pythons (D:3)
  A frilled lizard (D:3)
  5 kobolds
  6 rats
45 creatures vanquished.

Notes
Turn   | Place    | Note
-------+----------+-------------------------------------------
     0 | D:1      | Banto the Demigod Wanderer began the quest for the Orb.
     0 | D:1      | Banto set off with the following items: a +0 hand crossbow,
                  | 21 bolts, a +0 ring mail, a ration; and the following spell
                  | memorised: Freeze; and the following spells available to
                  | memorise: Throw Frost, Ozocubu's Armour, Summon Ice Beast,
                  | Throw Icicle
     0 | D:1      | Reached XP level 1. HP: 16/16 MP: 3/3
   519 | D:1      | Reached XP level 2. HP: 23/23 MP: 4/4
  1197 | D:2      | Reached XP level 3. HP: 26/28 MP: 5/5
  1560 | D:3      | Reached skill level 1 in Unarmed Combat
  1649 | D:3      | You fall through a shaft for 3 floors!
  1650 | D:6      | Noticed Sigmund
  1651 | D:6      | Noticed a bullfrog
  1658 | D:6      | Killed Sigmund
  1658 | D:6      | Reached XP level 4. HP: 23/35 MP: 6/6
  1658 | D:6      | Reached XP level 5. HP: 27/40 MP: 7/7
  1674 | D:6      | Noticed an ogre
  1679 | D:6      | Noticed a centaur
  1679 | D:6      | Slain by a bullfrog

Skill      XL: |  1  2  3 |
---------------+----------+-----
Crossbows      | 2 3 |  3.7
Armour         | 2 |  2.4
Shields        | 3 |  3.2
Unarmed Combat | 2 |  2.5
Fighting       | |  1.0
Ice Magic      | |  2.6

Action                   |  1- 3 |  4- 6 || total
-------------------------+-------+-------++-------
Melee: Spear             |    93 |    13 ||   106
 Fire: Hand crossbow     |    36 |       ||    36
  Eat: Chunk             |     2 |       ||     2
Armor: Ring mail         |    51 |     9 ||    60
Dodge: Dodged            |    51 |    13 ||    64
